 Dungeon Crawl Stone Soup version 0.26-b1-32-g5d43845318 (console) character file.

Game seed: 15915815331901711602

121 Goblin1989 the Skirmisher (level 4, -1/41 HPs)
             Began as a Palentonga Fighter on Jan 7, 2021.
             Was an Initiate of Gozag.
             Slain by Purgy (3 damage)
             ... in a sewer.
             The game lasted 00:05:45 (2229 turns).

Goblin1989 the Skirmisher (Palentonga Fighter)      Turns: 2229, Time: 00:05:46

Health: -1/41      AC:  6    Str: 17 (20) XL:     4   Next: 77%
Magic:  4/4        EV:  5    Int:  7 (8)  God:    Gozag
Gold:   179        SH:  8    Dex:  8 (10) Spells: 3/3 levels left

rFire    . . .     SeeInvis +   a - +1 flail
rCold    . . .     Faith    .   c - +0 kite shield
rNeg     . . .     Spirit   .   b - +0 scale mail
rPois    .         Reflect  .   (no helmet)
rElec    .         Harm     .   (no cloak)
rCorr    +         Rampage  .   (no gloves)
Will     .....                  (no barding)
Stlth    ..........             (no amulet)
HPRegen  0.13/turn              g - ring of resist corrosion
MPRegen  0.09/turn              (no ring)

@: brilliant, attractive, flying
A: large, rugged brown scales 3, see invisible, deformed body, roll 1, armoured
tail
a: Rolling Charge, Renounce Religion, Potion Petition, Call Merchant, Bribe
Branch


You were in a sewer.
You worshipped Gozag.
Gozag was aware of your devotion.
You visited 1 branch of the dungeon, and saw 3 of its levels.
You also visited: Sewer.

You collected 202 gold pieces.
You paid 23 gold pieces to Gozag.

Inventory:

Hand Weapons
 a - a +1 flail (weapon)
 p - a +0 whip of distortion {!w}
Armour
 b - a +0 scale mail (worn)
 c - a +0 kite shield (worn)
Jewellery
 g - a ring of resist corrosion (left hand)
Scrolls
 h - 2 scrolls of enchant weapon
 i - 2 scrolls of fog {unknown}
 l - a scroll of remove curse {unknown}
 o - 5 scrolls of teleportation {unknown}
Potions
 d - a potion of might {@q4}
 j - a potion of cancellation
 n - a potion of flight


   Skills:
 + Level 3.6 Fighting
 * Level 3.4 Maces & Flails
 + Level 3.0 Armour
 + Level 3.0 Shields


You had 3 spell levels left.
You didn't know any spells.
Your spell library was empty.

Dungeon Overview and Level Annotations

Branches:
Dungeon (3/15)              Sewer (1/1)

Altars:
Gozag

Annotations:
Sewer Purgy


Innate Abilities, Weirdness & Mutations

You are completely covered in rugged brown scales. (AC +3, +7% HP)
You have supernaturally acute eyesight. (SInv)
Armour fits poorly on your strangely shaped body.
You can roll at nearby foes to attack.
You have a long armoured tail.


Message History

You block Purgy's attack. Purgy claws you but does no damage.
Your shield and scale mail prevent you from hitting Purgy.
Purgy snarls, "Go!
Away!"
Purgy bites you. You block Purgy's attack. Purgy claws you.
You take 6 damage, and have 35/41 hp.
You closely miss Purgy.
Your tail-slap misses Purgy.
Purgy barely misses you. Purgy closely misses you. Purgy claws you.
Purgy bites you. You block Purgy's attack. Purgy claws you but does no damage.
You take 3 damage, and have 32/41 hp.
You sock Purgy!
Purgy is moderately wounded.
Purgy bites you. Purgy claws you. Purgy claws you but does no damage.
You take 5 damage, and have 27/41 hp.
You sock Purgy!
Purgy is heavily wounded.
Purgy bites you. You block Purgy's attack. x2
You take 2 damage, and have 25/41 hp.
You miss Purgy.
Purgy is heavily wounded.
You block Purgy's attack. Purgy claws you but does no damage. x2
You hit Purgy.
Purgy is severely wounded.
Purgy barely misses you. You block Purgy's attack. Purgy barely misses you.
You block Purgy's attack. x2; Purgy claws you but does no damage.
You miss Purgy.
Purgy is heavily wounded.
You block Purgy's attack. Purgy claws you but does no damage. x2
You closely miss Purgy. You tail-slap Purgy.
Purgy is severely wounded.
Purgy bites you. Purgy claws you.
* * * LOW HITPOINT WARNING * * *
Purgy claws you.
* * * LOW HITPOINT WARNING * * *
You take 10 damage, and have 15/41 hp.
MASSIVE DAMAGE!!
You barely miss Purgy.
Purgy is severely wounded.
Purgy bites you.
* * * LOW HITPOINT WARNING * * *
Purgy barely misses you. Purgy claws you but does no damage. Purgy bites you.
* * * LOW HITPOINT WARNING * * *
Purgy claws you but does no damage. Purgy claws you.
* * * LOW HITPOINT WARNING * * *
You take 3 damage, and have 12/41 hp.
You sock Purgy!
Your tail-slap misses Purgy.
Purgy is almost dead.
Purgy looks around nervously.
Purgy bites you.
* * * LOW HITPOINT WARNING * * *
Purgy claws you.
* * * LOW HITPOINT WARNING * * *
Purgy claws you but does no damage.
You take 4 damage, and have 8/41 hp.
You barely miss Purgy.
Your tail-slap misses Purgy.
Purgy is almost dead.
Purgy bites you.
* * * LOW HITPOINT WARNING * * *
Purgy barely misses you. Purgy claws you.
* * * LOW HITPOINT WARNING * * *
You take 5 damage, and have 3/41 hp.
It was a potion of degeneration.
There was something very wrong with that liquid.
You feel weakened.
You feel dopey.
You feel clumsy. Purgy barely misses you. You block Purgy's attack.
Purgy claws you but does no damage.
It was a potion of cancellation.
Your magical effects are unravelling.
You feel magically purged.
You feel a little less mighty now. Purgy bites you but does no damage.
Purgy barely misses you. Purgy claws you.
* * * LOW HITPOINT WARNING * * *
You take 2 damage, and have 1/41 hp.
Unknown command.
It was a potion of flight.
You feel very buoyant.
You fly up into the air.
Purgy bites you but does no damage. Purgy claws you but does no damage.
Purgy barely misses you.
It was a potion of attraction.
You feel attractive to monsters. Purgy bites you but does no damage.
Purgy claws you but does no damage. You block Purgy's attack.
It was a potion of brilliance.
You feel clever all of a sudden. Purgy barely misses you. Purgy claws you.
* * * LOW HITPOINT WARNING * * *
You block Purgy's attack.
It was a potion of curing.
You feel better. Purgy bites you.
* * * LOW HITPOINT WARNING * * *
Purgy claws you.
* * * LOW HITPOINT WARNING * * *
You block Purgy's attack.
You regained 4 hp, and now have 5/41 hp.
It was a potion of magic.
Magic courses through your body. Purgy bites you.
* * * LOW HITPOINT WARNING * * *
Purgy claws you but does no damage. x2
You take 3 damage, and have 2/41 hp.
You hit Purgy.
Purgy is severely wounded.
Purgy bites you.
You die...
Your body crumbles into a pile of gold.

███≈≈≈≈≈≈≈≈≈≈≈≈
█≈≈≈≈≈≈≈≈≈≈≈≈≈≈
███≈≈≈≈≈≈≈≈≈≈≈≈≈≈
≈≈≈≈≈≈≈≈≈≈≈≈≈≈≈.█
≈≈≈≈≈≈≈≈≈≈≈≈≈≈.
≈≈≈≈≈≈≈≈≈≈≈..
≈≈≈≈≈≈≈≈≈≈T█
≈≈≈≈≈≈≈≈≈@█
≈≈≈≈≈≈≈≈≈██
≈≈≈≈≈≈≈≈██
█≈≈≈≈≈≈≈██ ██
≈≈≈≈≈≈≈≈≈█


█████ █. █≈≈≈≈≈≈≈≈███████...█ ██ ≈≈≈≈≈≈≈≈≈≈≈.≈≈≈.≈∩.█ █ █≈≈≈≈≈≈≈≈███████..(█
≈≈≈≈≈≈≈≈.█ █████ You could see Purgy.

Vanquished Creatures
  4 adders (D:2)
  5 worms
  4 dart slugs
  2 leopard geckos (D:2)
  4 ball pythons
  A giant cockroach (D:1)
  8 goblins
  5 hobgoblins
  9 bats
  13 frilled lizards
  6 kobolds
  8 rats
69 creatures vanquished.

Notes
Turn   | Place    | Note
-------+----------+-------------------------------------------
     0 | D:1      | Goblin1989 the Palentonga Fighter began the quest for the
                  | Orb.
     0 | D:1      | Reached XP level 1. HP: 20/20 MP: 1/1
    90 | D:1      | Reached XP level 2. HP: 25/27 MP: 2/2
   745 | D:1      | Reached XP level 3. HP: 33/33 MP: 3/3
  1189 | D:2      | Reached XP level 4. HP: 36/40 MP: 4/4
  1333 | D:2      | Found an opulent altar of Gozag.
  1351 | D:2      | Became a worshipper of Gozag Ym Sagoz the Greedy
  2084 | D:3      | Found a glowing drain.
  2112 | Sewer    | Entered a sewer
  2206 | Sewer    | Noticed Purgy
  2223 | Sewer    | HP: 1/41 [Purgy (2)]
  2228 | Sewer    | HP: 2/41 [Purgy (3)]
  2229 | Sewer    | Slain by Purgy

Illustrated notes

Levels and vault maps discovered:
D:1:      mrwooster_arrival_statue_3, layout_loops_ring
D:2:      layout_basic, lemuel_crystal_altar, minmay_goblin_kobold_house
D:3:      layout_loops_cross, cheibrodos_sewer_entry_sluice,
          minmay_statues_item, minmay_strange_pillars, minmay_pentangle
Sewer:    sewer_co_purgy_island

Skill      XL: |  1  2  3  4 |
---------------+-------------+-----
Maces & Flails | 3 |  3.4
Shields        | 3 |  3.0
Armour         | 3 |  3.0
Fighting       | |  3.6

Action                   |  1- 3 |  4- 6 || total
-------------------------+-------+-------++-------
Melee: Flail             |   102 |    83 ||   185
       Tailslap          |    10 |    14 ||    24
 Abil: Rolling Charge    |     1 |       ||     1
  Use: Potion            |       |     8 ||     8
       Scroll            |       |     2 ||     2
Armor: Scale mail        |    47 |    45 ||    92
Dodge: Dodged            |    20 |    19 ||    39
Block: Kite shield       |    51 |    36 ||    87
